[Event "*** Titled Tuesday Blitz"]
[Site "Chess.com"]
[Date "2020.12.01"]
[Round "4"]
[White "Yashasd1995"]
[Black "rynos0411"]
[Result "1-0"]
[WhiteElo "2596"]
[BlackElo "2366"]
[TimeControl "180+1"]
[EndTime "10:38:41 PST"]
[Termination "Yashasd1995 won by resignation"]

1. b3 e5 2. Bb2 Nc6 3. e3 a6 4.
d4 exd4 5. exd4 d5 6. a3 Nf6 7.
Bd3 Bd6 8. Nf3 O-O 9. h3 Re8+ 10. Kf1 b5 11. Nbd2 Ne4 12. c4 Nxd2+ 13. Qxd2 Be6 14. cxb5 axb5 15. Bxb5 Bd7 16. Rc1 Na5 17. Bxd7 Qxd7 18.
Qd3 Rab8 19. b4 Nc4 20. Rxc4 dxc4 21. Qxc4 Qf5 22. Qc3 Qb1+ 23. Qc1 Qd3+ 24. Kg1 Re2 25. Ne5 Qe4 26. Bc3 Rc2 27. Qa1 Qe2 28. Qe1 Qxe1+ 29. Bxe1 Rc1 30. Kf1 Re8 31. Nf3 Ra1 32. g3 Rxa3 33. Kg2 h6 34. Bd2 Rb3 35. Rc1 Re7 36. Rc4 Kh7 37. h4 Re8 38. d5 Rb8 39. Nd4 Rd3 40. Bc3 Kg8 41. Nc6 Rb5 42. Be5 Rbxd5 43. Bxd6 Rxd6 44. Ne5 Kh7 45. Nxd3 Rxd3 46.
Rxc7 Rb3 47. Rb7 Kg6 48. b5 f6 49. h5+ Kxh5 50. Rxg7 Rxb5 51. Kh3 Rg5 52. g4+ 1-0

[Event "*** Titled Tuesday Blitz"]
[Site "Chess.com"]
[Date "2020.12.01"]
[Round "4"]
[White "AsaHoffmann"]
[Black "salomez"]
[Result "1-0"]
[WhiteElo "2386"]
[BlackElo "2143"]
[TimeControl "180+1"]
[EndTime "10:38:41 PST"]
[Termination "AsaHoffmann won on time"]

1. d4 Nf6 2. Bg5 Ne4 3. Bf4 g6 4. f3 Nf6 5. e4 d5 6. e5 Nfd7 7.
Qd2 Bg7 8. Nc3 c6 9. O-O-O O-O 10. Bh6 b5 11. h4 f6 12. Bxg7 Kxg7 13. h5 g5 14. f4 h6 15. Qd3 Qe8 16. g3 Nb6 17. b3 fxe5 18. fxe5 Bf5 19. Qd2 a5 20. Bd3 e6 21.
Nge2 a4 22. Nb1 Na6 23. Rhf1 Qxh5 24. Bxf5 exf5 25. Rde1 axb3 26. axb3 b4 27. Qd3 Qg6 28. Nd2 c5 29. Qb5 Rfb8 30. dxc5 Nc7 31. Qd3 Nd7 32. Nd4 Nxc5 33. Nxf5+ Kh8 34. Qd4 N5e6 35. Qd3 Ra2 36. g4 Rba8 37. Rh1 Ra1+ 38. Nb1 Nf4 39. Qd4 Nce6 40. Qxb4 h5 41. Qe7 Rc8 42. Rxh5+ Nxh5 43. Rh1 1-0

[Event "*** Titled Tuesday Blitz"]
[Site "Chess.com"]
[Date "2020.12.01"]
[Round "4"]
[White "Piotrek1979"]
[Black "theredking89"]
[Result "1-0"]
[WhiteElo "2477"]
[BlackElo "2630"]
[TimeControl "180+1"]
[EndTime "10:38:42 PST"]
[Termination "Piotrek1979 won by resignation"]

1. e4 c5 2. Nf3 d6 3. d4 cxd4 4. Qxd4 Nc6 5. Bb5 Bd7 6. Qd3 Nf6 7. Nc3 g6 8. Bg5 Bg7 9. O-O-O O-O 10. e5 Nxe5 11.
Nxe5 Bxb5 12. Qxb5 a6 13. Qxb7 Rb8 14. Qxa6 Qc7 15.
Nc6 Ra8 16. Qb5 Rfc8 17. Bxf6 Bxf6 18. Nd5 Qxc6 19. Nxf6+ exf6 20. Qxc6 Rxc6 21. a3 Ra5 22. Rhe1 Kf8 23. Re3 f5 24. b4 Rb5 25. Kb2 f4 26. Red3 Ke7 27. Rd5 Rbb6 28. Kb3 f5 29. a4 Ke6 30. a5 Rb7 31. c4 Ra6 32. Ka4 Rc7 33. R1d4 Rxc4 34. Rxd6+ Rxd6 35. Rxc4 Ke5 36. b5 Rd2 37. a6 Rxf2 38. Ka5 Rxg2 39. a7 Ra2+ 40. Ra4 Rxa4+ 41. Kxa4 f3 42. a8=Q Kf4 43. Qb8+ Ke3 44. Qg3 Ke2 45. b6 f2 46. Qg2 Ke1 47. b7 f1=Q 48.
Qxf1+ Kxf1 49. b8=Q Ke2 50. Qf4 h6 51. h4 1-0

[Event "*** Titled Tuesday Blitz"]
[Site "Chess.com"]
[Date "2020.12.01"]
[Round "4"]
[White "GM_LOADING"]
[Black "Chernov_Mikhail"]
[Result "1-0"]
[WhiteElo "2474"]
[BlackElo "2301"]
[TimeControl "180+1"]
[EndTime "10:38:42 PST"]
[Termination "GM_LOADING won by resignation"]

1. Nf3 c5 2. g3 Nc6 3. Bg2 e5 4. d3 g6 5. c4 Bg7 6. O-O Nge7 7.
Nc3 O-O 8. Rb1 d6 9. a3 a5 10. Ne1 Be6 11. Nc2 d5 12. cxd5 Nxd5 13. Ne3 Nde7 14.
Nc4 Rb8 15. Nb5 Nd4 16. a4 Nxb5 17. axb5 Bd5 18. Bd2 Bxg2 19. Kxg2 b6 20. Bc3 Nf5 21. e4 Nd4 22. Qa4 Qd7 23. Rbd1 f6 24. Bxd4 Qxd4 25. Qb3 Kh8 26. Ne3 f5 27. exf5 gxf5 28. Qc4 Qxb2 29. Rb1 Qd4 30. Qxd4 exd4 31. Nc4 f4 32. Rfe1 f3+ 33.
Kh3 Rf6 34. Kg4 h5+ 35. Kh3 Kh7 36. Re5 Kg6 37. Rbe1 Kf7 38. Re7+ Kf8 39. Ra7 Bh6 40. Ne5 Rd8 41. Nd7+ Kf7 42. Nxb6+ Kg6 43. Nc4 Bg7 44.
Rxa5 Rb8 45. Re7 Rf7 46. Ra6+ Bf6 47. Ne5+ 1-0

[Event "*** Titled Tuesday Blitz"]
[Site "Chess.com"]
[Date "2020.12.01"]
[Round "4"]
[White "RaneshRatnesan"]
[Black "Forantes"]
[Result "0-1"]
[WhiteElo "2148"]
[BlackElo "2388"]
[TimeControl "180+1"]
[EndTime "10:38:43 PST"]
[Termination "Forantes won by resignation"]

1. d4 Nf6 2. c4 g6 3. g3 Bg7 4. Bg2 d5 5. cxd5 Nxd5 6. Nc3 Nb6 7. e3 O-O 8. Nge2 Nc6 9. O-O a5 10. b3 Re8 11. Bb2 e5 12. d5 Ne7 13. e4 Bg4 14. h3 Bd7 15. Qd2 Nec8 16. Rac1 Nd6 17. Rfd1 a4 18. Kh2 axb3 19. axb3 f5 20. Ng1 f4 21.
Nf3 Bh6 22. Qd3 fxg3+ 23. fxg3 Bxc1 24. Bxc1 Qf6 25. Bg5 Qg7 26. Qd2 Nf7 27. Be3 Nc8 28. Bf1 Ncd6 29. Bg2 Ra3 30. Qb2 Rea8 31. Bc5 R3a5 32.
b4 Ra3 33. b5 R3a5 34. Qb4 b6 35. Bxd6 Nxd6 36. Bf1 Qf6 37. Be2 Bxb5 38. Nxb5 Nxb5 39. d6 Nxd6 40. Rf1 Ra2 41. Rf2 R8a3 42. Kg2 Rxe2 43. Qxa3 Rxf2+ 44. Kxf2 Nxe4+ 45. Kg2 Nd6 46. Qe3 e4 47. Nd4 Qf7 48. h4 c5 49. Ne2 Qf3+ 50. Qxf3 exf3+ 51. Kxf3 Kf7 52. Ke3 Ke6 53. Kd3 Kf5 54. Ke3 Kg4 55. Kd3 Nf5 56. Ke4 Nxg3+ 57. Nxg3 0-1

[Event "*** Titled Tuesday Blitz"]
[Site "Chess.com"]
[Date "2020.12.01"]
[Round "4"]
[White "ehrenfeld"]
[Black "XDPS"]
[Result "0-1"]
[WhiteElo "2510"]
[BlackElo "2779"]
[TimeControl "180+1"]
[EndTime "10:38:44 PST"]
[Termination "XDPS won by checkmate"]

1. e4 e5 2. Nc3 Nf6 3. f4 d5 4. fxe5 Nxe4 5. Qf3 Nxc3 6. bxc3 c5 7. Bb5+ Nc6 8. Qg3 Be6 9. Ne2 Qc7 10. O-O O-O-O 11.
d4 h6 12. Be3 g5 13. Bxc6 Qxc6 14. dxc5 Bxc5 15. Bxc5 Qxc5+ 16. Nd4 Kb8 17. Rab1 Ka8 18. Kh1 Rc8 19. Rb3 Qa5 20. Rfb1 Rc7 21. h3 Rhc8 22. Qf2 Rxc3 23. Rxb7 R3c7 24. R7b5 Qxa2 25. Qd2 Rc4 26. Qf2 Qa4 27. Nxe6 fxe6 28. Qf7 Qa6 29. Qe7 Qc6 30. Rb7 Ra4 31. Rd7 g4 32. Rbb7 Qc5 33. hxg4 Ra1+ 34. Kh2 Qg1+ 35. Kh3 Qe3+ 36. Kh4 Rh1# 0-1

[Event "*** Titled Tuesday Blitz"]
[Site "Chess.com"]
[Date "2020.12.01"]
[Round "4"]
[White "IMTominho"]
[Black "maxip32"]
[Result "1-0"]
[WhiteElo "2753"]
[BlackElo "2501"]
[TimeControl "180+1"]
[EndTime "10:38:45 PST"]
[Termination "IMTominho won on time"]

1. d4 d5 2. c4 e6 3. Nc3 Be7 4. Nf3 Nf6 5. Bf4 O-O 6. e3 c5 7.
dxc5 Bxc5 8. cxd5 exd5 9. Be2 Nc6 10. O-O h6 11. Rc1 Be7 12. h3 Be6 13. Bb5 Qb6 14.
Qe2 a6 15. Ba4 Rac8 16. Rfd1 Rfd8 17. Ne5 Na5 18. Bc2 Nc4 19. Bb3 Na5 20. Na4 Qb4 21.
Nd3 Qb5 22. Nc3 Qb6 23. Bc2 Ne4 24. Be5 Bf6 25. Bxf6 Nxf6 26. Nf4 Nc4 27. b3 Na3 28. Bd3 Qa5 29. Qb2 Nb5 30. Bxb5 axb5 31. Nce2 Ne4 32.
Nxe6 fxe6 33. Qe5 Qa6 34. Nd4 Rxc1 35. Rxc1 Re8 36. f3 Nf6 37. Rc7 Qxa2 38. Nxe6 Qb1+ 39. Kh2 1-0

[Event "*** Titled Tuesday Blitz"]
[Site "Chess.com"]
[Date "2020.12.01"]
[Round "4"]
[White "adriangschnitzer"]
[Black "Gloomy_Wanderer"]
[Result "0-1"]
[WhiteElo "2486"]
[BlackElo "2705"]
[TimeControl "180+1"]
[EndTime "10:38:46 PST"]
[Termination "Gloomy_Wanderer won by resignation"]

1. e4 e5 2. Nf3 Nc6 3. Bc4 Nf6 4. d3 Be7 5. O-O O-O 6. Re1 d6 7. a4 Na5 8. Ba2 c5 9. c3 Nc6 10. Nbd2 h6 11. Nc4 Re8 12. Ne3 Bf8 13. h3 Be6 14. Bxe6 Rxe6 15. Nf5 d5 16. Qe2 Qd7 17. Nh2 Rd8 18.
Ng4 Nxg4 19. hxg4 d4 20. c4 Kh7 21. g5 g6 22. Nxh6 Bxh6 23. gxh6 f5 24. Bg5 Rf8 25. g3 Qf7 26. exf5 gxf5 27. f4 Qg6 28. Kg2 e4 29. g4 e3 30. gxf5 Rxf5 31. Qg4 Ne5 32. Qg3 Nxd3 33. Rh1 Nxf4+ 34. Bxf4 Rxf4 35. Qxg6+ Rxg6+ 36. Kh3 Rf5 37. Kh4 e2 38. Rag1 Rxh6+ 39. Kg4 Re5 40. Rxh6+ Kxh6 41. Rh1+ Kg6 42. Re1 d3 43. Kf4 d2 44.
Rg1+ Kf6 0-1

[Event "*** Titled Tuesday Blitz"]
[Site "Chess.com"]
[Date "2020.12.01"]
[Round "4"]
[White "Fh2411"]
[Black "DarZay"]
[Result "1/2-1/2"]
[WhiteElo "2553"]
[BlackElo "2166"]
[TimeControl "180+1"]
[EndTime "10:38:46 PST"]
[Termination "Game drawn by agreement"]

1. d4 d5 2. Nf3 e6 3. Bf4 Nf6 4. e3 Be7 5. Nbd2 O-O 6. Bd3 c5 7. c3 c4 8. Bc2 Nc6 9. Ne5 Bd6 10.
Bg3 Ne8 11. Qh5 f5 12. Bh4 Be7 13. Bxe7 Nxe7 14. g4 g6 15. Qh3 Ng7 16. f3 Nc6 17. Qg3 f4 18. exf4 Qf6 19. Kf2 Qxf4 20. Qxf4 Rxf4 21.
Kg3 Rf8 22. f4 Nxe5 23. fxe5 Bd7 24. Rhf1 Rxf1 25. Rxf1 Rf8 26. Rf6 Ne8 27. Rxf8+ Kxf8 28. Nf3 Kg7 29. h4 h6 30. Kf4 Nc7 31. Ne1 b5 32.
Ng2 a5 33. a3 a4 34. Kg3 Be8 35. Nf4 Bf7 36. Nh3 Be8 37. g5 h5 38. Nf4 Bf7 39.
Ne2 Be8 40. Nc1 Bf7 41. Na2 Be8 42. Nb4 Kf8 43. Kf4 Ke7 44. Bd1 Kf8 45. Bc2 Kg7 46.
Bd1 Kf8 47. Be2 1/2-1/2

[Event "*** Titled Tuesday Blitz"]
[Site "Chess.com"]
[Date "2020.12.01"]
[Round "4"]
[White "Andro2"]
[Black "Road2GM3000"]
[Result "1-0"]
[WhiteElo "2388"]
[BlackElo "2131"]
[TimeControl "180+1"]
[EndTime "10:38:46 PST"]
[Termination "Andro2 won by resignation"]

1. e4 c5 2. Nf3 d6 3. d4 cxd4 4. Nxd4 Nf6 5. Nc3 a6 6. Qd3 e5 7. Nb3 Be6 8. Be2 Nbd7 9. Bg5 Be7 10. O-O-O b5 11. a3 Rc8 12. Kb1 Qc7 13. f4 O-O 14. Qg3 exf4 15. Bxf4 Ne5 16. Rd2 Rfd8 17. Bh6 Ng6 18. Bg5 h6 19. Be3 Kh7 20. Bd3 Ne5 21.
Rc1 b4 22. axb4 Rb8 23. b5 axb5 24. Nxb5 Qb7 25. N3d4 Bc4 26. b3 Bxd3 27. cxd3 Rdc8 28. Qe1 Rxc1+ 29. Qxc1 Rc8 30. Qb2 Nc6 31. Rc2 Nxd4 32. Nxd4 Rxc2 33. Qxc2 Nd7 34. Qc6 Qxc6 35. Nxc6 Bf6 36.
b4 Ne5 37. Nxe5 Bxe5 38. b5 Bxh2 39. d4 f5 40. exf5 Kg8 41. d5 Be5 42. b6 Bc3 1-0

[Event "*** Titled Tuesday Blitz"]
[Site "Chess.com"]
[Date "2020.12.01"]
[Round "4"]
[White "Gabrielian_Artur"]
[Black "nocnypako"]
[Result "1-0"]
[WhiteElo "2760"]
[BlackElo "2577"]
[TimeControl "180+1"]
[EndTime "10:38:48 PST"]
[Termination "Gabrielian_Artur won by resignation"]

1. e4 c5 2. Nc3 d6 3. d4 cxd4 4. Qxd4 Nc6 5. Qd2 g6 6. b3 Bg7 7. Bb2 Nf6 8. O-O-O O-O 9. Nge2 a6 10. Kb1 b5 11. f3 Bb7 12. h4 h5 13. Nd5 Ne5 14. Nxf6+ Bxf6 15. Nf4 Qb6 16. Be2 a5 17. Nd5 Bxd5 18.
Qxd5 Rfb8 19. g4 hxg4 20. fxg4 Qc6 21. Qxc6 Nxc6 22. Bxf6 exf6 23. Rxd6 Ne5 24. Rxf6 a4 25. Rd1 axb3 26. cxb3 b4 27. Rd5 Re8 28. g5 Rad8 29. Bb5 Rxd5 30. exd5 Rc8 31. d6 Rc5 32. d7 Rd5 33. Rf4 Kf8 34. Rxb4 Ke7 35. a4 Nxd7 36. Bxd7 Kxd7 37. Rc4 Rd2 38. a5 Kd6 39. a6 Re2 40. a7 Re8 41. Ra4 Ra8 42. Kb2 Kc6 43. Kc3 Kb5 44. Kd4 Kb6 45. Ke5 1-0

[Event "*** Titled Tuesday Blitz"]
[Site "Chess.com"]
[Date "2020.12.01"]
[Round "4"]
[White "dosto07"]
[Black "TrenerChos"]
[Result "1/2-1/2"]
[WhiteElo "2312"]
[BlackElo "2171"]
[TimeControl "180+1"]
[EndTime "10:38:48 PST"]
[Termination "Game drawn by repetition"]

1. e4 c5 2. Nf3 Nc6 3. Bb5 d6 4. O-O e5 5. c3 Nf6 6. Re1 Be7 7.
d4 exd4 8. cxd4 cxd4 9. Nxd4 Bd7 10. Nc3 O-O 11. Bg5 h6 12. Bh4 a6 13. Ba4 b5 14.
Bb3 Rc8 15. Bg3 Ne5 16. a4 b4 17. Nd5 Nxd5 18. Bxd5 Nc4 19. Qb3 Ne5 20. Bb7 Rb8 21. Bxa6 Qb6 22. Bxe5 dxe5 23. Bb5 Qxd4 24. Rad1 Be6 25.
Qc2 Qc5 26. Qe2 Rfd8 27. h3 Qb6 28. Qf3 Rxd1 29. Rxd1 Rd8 30. Rxd8+ Qxd8 31. Qe2 Bg5 32. Bc4 Bxc4 33. Qxc4 Bf4 34. g3 Bd2 35. Kg2 Qd4 36. Qc8+ Kh7 37. Qf5+ Kh8 38. Qc8+ Kh7 39. Qf5+ Kg8 40.
Qc8+ Kh7 1/2-1/2

[Event "*** Titled Tuesday Blitz"]
[Site "Chess.com"]
[Date "2020.12.01"]
[Round "4"]
[White "Nadeev_Sergey"]
[Black "Panterov"]
[Result "1-0"]
[WhiteElo "2452"]
[BlackElo "2283"]
[TimeControl "180+1"]
[EndTime "10:38:50 PST"]
[Termination "Nadeev_Sergey won by resignation"]

1. d4 d5 2. Bf4 c6 3. Nf3 Bf5 4.
e3 e6 5. Be2 Bd6 6. Bxd6 Qxd6 7. O-O Nf6 8. c4 Nbd7 9. Nc3 O-O 10. Rc1 Ne4 11. Nh4 Nxc3 12. Rxc3 Be4 13. f3 Bg6 14. f4 Be4 15. Nf3 Bxf3 16. Bxf3 f5 17. Kh1 Nf6 18. g4 fxg4 19. Bxg4 Nxg4 20. Qxg4 Rf6 21. c5 Qe7 22.
Rcc1 Raf8 23. Rg1 Rg6 24. Qh5 Rff6 25. Rxg6 Rxg6 26. Rg1 Rxg1+ 27. Kxg1 Qf7 28. Qe5 Qg6+ 29. Kf2 Qc2+ 30. Kg3 Kf7 31. Qc7+ Kf6 32. Qd8+ Kf7 33. Qd7+ Kf6 34. Qd8+ Kf7 35. Qc7+ Kf6 36. Qe5+ Kf7 37. h4 Qxb2 38. f5 exf5 39. Qxf5+ Kg8 40. Qe5 h6 41. Qe8+ Kh7 42. h5 Qb1 43. Kf4 Qf1+ 44.
Kg4 Qf6 45. a4 Qg5+ 46. Kf3 Qf5+ 47. Ke2 b6 48. cxb6 axb6 49. Qb8 Qxh5+ 50. Kd2 b5 51. a5 Qh1 52. a6 Qg2+ 53. Kc3 Qa2 54. a7 Qa5+ 55. Kc2 Qa2+ 56. Kc3 Qa5+ 57. Kd3 Qa3+ 58.
Ke2 Qa2+ 59. Kf3 Qc2 60. a8=Q Qe4+ 61. Kf2 Qc2+ 62. Kg3 Qg6+ 63. Kh2 Qh5+ 64. Kg3 Qg5+ 65. Kf3 Qh5+ 66. Kf2 Qf5+ 67. Qf4 Qc2+ 68. Kg3 Qg6+ 69. Kf3 Qh5+ 70. Qg4 Qf7+ 71. Kg3 Qf1 72. Qa2 Qe1+ 73. Qf2 Qb1 74. Qff5+ 1-0

[Event "*** Titled Tuesday Blitz"]
[Site "Chess.com"]
[Date "2020.12.01"]
[Round "4"]
[White "LuckSlayeer"]
[Black "queen_iryna"]
[Result "1-0"]
[WhiteElo "2582"]
[BlackElo "2318"]
[TimeControl "180+1"]
[EndTime "10:38:51 PST"]
[Termination "LuckSlayeer won by checkmate"]

1. e4 d6 2. d4 Nf6 3. Nc3 e5 4.
Nf3 Nbd7 5. Be2 Be7 6. O-O O-O 7. h3 c6 8. Be3 b5 9. a3 Bb7 10. dxe5 dxe5 11. Qd2 Qc7 12. Rfd1 Rfd8 13. Qe1 Nc5 14. Bd3 a5 15. Bg5 b4 16. Nb1 Ne6 17. Be3 c5 18. axb4 axb4 19. Rxa8 Bxa8 20. Nbd2 Nd4 21. Nxd4 cxd4 22.
Bg5 Nh5 23. Bxe7 Qxe7 24. g3 Bb7 25. Nc4 Bc8 26. Kh2 Qg5 27. Qxb4 Nf6 28. Qa5 Re8 29. Nd6 Bxh3 30. Kxh3 Qh5+ 31. Kg2 Ng4 32. Rh1 Qg5 33.
Nxe8 h6 34. Nd6 Qf6 35. Nf5 g6 36. Nxh6+ Nxh6 37. Rxh6 Kg7 38. Rh1 Qc6 39. Qd8 Qb7 40.
Qh8# 1-0

[Event "*** Titled Tuesday Blitz"]
[Site "Chess.com"]
[Date "2020.12.01"]
[Round "4"]
[White "Chesswizard_2007"]
[Black "SantoBlue"]
[Result "1-0"]
[WhiteElo "2689"]
[BlackElo "2877"]
[TimeControl "180+1"]
[EndTime "10:38:52 PST"]
[Termination "Chesswizard_2007 won by resignation"]

1. d4 Nf6 2. c4 e6 3. Nf3 d5 4. g3 Bb4+ 5. Bd2 Bxd2+ 6. Qxd2 O-O 7. Nc3 c6 8. b3 b6 9. Bg2 Nbd7 10. O-O Ba6 11.
cxd5 cxd5 12. Rac1 Qe7 13. Rfe1 Rfc8 14. e3 Ne4 15.
Nxe4 dxe4 16. Ne5 Nxe5 17. dxe5 Bd3 18. f4 Rd8 19. Qf2 h5 20. h3 a5 21. Red1 Qb4 22.
Rd2 a4 23. bxa4 Qxa4 24. Rcd1 Rac8 25. g4 hxg4 26. hxg4 Rc3 27. f5 Rdc8 28. f6 Rc1 29. Rxc1 Rxc1+ 30. Kh2 g5 31. Qg3 Rc2 32. Qh3 Qe8 33.
Qh6 Qf8 34. Qxg5+ Kh7 35. Rxc2 Bxc2 36. Kg3 Qh6 37. Qxh6+ Kxh6 38. Kf4 Bb1 39. a3 Bc2 40. Bxe4 Bd1 41. g5+ Kh5 42. g6 1-0

[Event "*** Titled Tuesday Blitz"]
[Site "Chess.com"]
[Date "2020.12.01"]
[Round "4"]
[White "IngOscarArdila"]
[Black "Triumphmate"]
[Result "1-0"]
[WhiteElo "2193"]
[BlackElo "2391"]
[TimeControl "180+1"]
[EndTime "10:38:53 PST"]
[Termination "IngOscarArdila won by resignation"]

1. d4 d5 2. c4 e6 3. Nc3 Be7 4. Nf3 c6 5. e3 f5 6. g3 Nf6 7. cxd5 exd5 8. Bg2 O-O 9. O-O Be6 10. b3 Ne4 11.
Bb2 Nd7 12. Rc1 Rc8 13. Ne2 h6 14. Nf4 Bf7 15. Ne5 Bf6 16. Nfd3 Re8 17. Nxd7 Qxd7 18. Nc5 Nxc5 19. Rxc5 b6 20. Rc2 c5 21. dxc5 Bxb2 22.
Rxb2 bxc5 23. Rd2 Rcd8 24. Qc2 Qb5 25. Qxf5 Be6 26. Qg6 Bf7 27. Qg4 d4 28. exd4 cxd4 29. Rxd4 Rxd4 30. Qxd4 Qe2 31. Bd5 Bxd5 32. Qxd5+ Kh8 33.
Qf7 a6 34. Kg2 Qe4+ 35. Qf3 Qc2 36. a4 Qc5 37. Rd1 Rf8 38. Qe3 Qc6+ 39. Kg1 Re8 40.
Qd3 Qb7 41. Qd7 Re1+ 42. Rxe1 Qxd7 43. Re3 a5 44. Kg2 Kh7 45. h3 h5 46. Kf3 Qxh3 47. Ke2 Qg4+ 48. Kd2 Qf5 49. Ke2 Qc2+ 50. Kf3 g5 51.
Kg2 Kg6 52. Kf3 g4+ 53. Kg2 Qc6+ 54. Kf1 Kf5 55. Ke2 Qc2+ 56. Ke1 Qb2 57. Kf1 Kg5 58. Ke1 h4 59. gxh4+ Kxh4 60. Kf1 Qb1+ 61. Kg2 Qd1 62. Rg3 Kg5 63. Re3 Kf4 64. Rg3 Qd5+ 65. Kf1 Qh1+ 66.
Ke2 Kf5 67. Re3 Qb1 68. Rg3 Qc2+ 69. Kf1 Qd1+ 70. Kg2 Ke4 71. Re3+ Kd4 72. Rg3 Kc5 73.
Re3 Kb4 74. Rg3 Ka3 75. Rd3 Kb2 76. Rxd1 1-0

[Event "*** Titled Tuesday Blitz"]
[Site "Chess.com"]
[Date "2020.12.01"]
[Round "4"]
[White "andrzej"]
[Black "Agoking701"]
[Result "1-0"]
[WhiteElo "2382"]
[BlackElo "2216"]
[TimeControl "180+1"]
[EndTime "10:38:53 PST"]
[Termination "andrzej won by checkmate"]

1. e4 c5 2. Nf3 Nc6 3. d4 cxd4 4. Nxd4 Nf6 5. Nc3 d6 6. Bg5 e6 7. Qd2 a6 8. O-O-O Be7 9. f4 Bd7 10. Kb1 b5 11. Bxf6 gxf6 12. Nxc6 Bxc6 13. Bd3 Qb6 14. Rhf1 b4 15. Ne2 a5 16. f5 a4 17. fxe6 fxe6 18. Nf4 e5 19. Nh5 Rf8 20. Ng7+ Kd7 21. Bc4 Rae8 22.
Bd5 Bd8 23. Nf5 Bc7 24. Qd3 Bb5 25. Bc4 Rb8 26. Nxd6 Bxd6 27. Bxb5+ Kc7 28. Qc4+ Qc5 29. Qxc5+ Bxc5 30. Bxa4 Bd4 31. Bb3 Rb6 32. Rf3 Rd8 33. Rdf1 Rbd6 34. g4 Bc5 35. c3 Rd2 36. Rxf6 bxc3 37.
bxc3 Rxh2 38. Rf7+ Kb6 39. R1f6+ Ka5 40. Rc6 Ba3 41. Ra7+ Kb5 42. Ba4# 1-0

[Event "*** Titled Tuesday Blitz"]
[Site "Chess.com"]
[Date "2020.12.01"]
[Round "4"]
[White "nonsopolo1"]
[Black "KetiTsatsalashvili"]
[Result "1-0"]
[WhiteElo "2204"]
[BlackElo "2330"]
[TimeControl "180+1"]
[EndTime "10:38:54 PST"]
[Termination "nonsopolo1 won by resignation"]

1. e4 c5 2. Nf3 d6 3. d4 cxd4 4. Nxd4 Nf6 5. Nc3 Nc6 6. Bg5 Bd7 7. Qd2 Rc8 8. Be2 Nxd4 9. Qxd4 a6 10. O-O Qc7 11. Rad1 Qc5 12. Qd2 Bc6 13. Bd3 e6 14. Kh1 Be7 15. a3 O-O 16. Be3 Qh5 17. f4 d5 18. e5 Ng4 19. Bg1 Bc5 20. h3 Bxg1 21. Kxg1 Nh6 22. Qf2 f5 23. Ne2 Bd7 24. Nd4 Nf7 25. Rc1 b5 26. a4 bxa4 27. Bxa6 Ra8 28. Bd3 Kh8 29. c4 dxc4 30. Bxc4 Qh6 31. Rfd1 Rfd8 32.
Qf3 g5 33. Ne2 Rab8 34. Qa3 gxf4 35. Qe7 Nxe5 36. Nd4 f3 37. Nxe6 Qg6 38. Nf4 Qb6+ 39. Kh2 fxg2 40. Qxe5+ 1-0

[Event "*** Titled Tuesday Blitz"]
[Site "Chess.com"]
[Date "2020.12.01"]
[Round "4"]
[White "hansen"]
[Black "LionTheLeon_06"]
[Result "1-0"]
[WhiteElo "2921"]
[BlackElo "2631"]
[TimeControl "180+1"]
[EndTime "10:38:55 PST"]
[Termination "hansen won by resignation"]

1. e4 c5 2. Nf3 d6 3. d4 cxd4 4. Nxd4 Nf6 5. Nc3 a6 6. h3 e6 7.
g4 h6 8. g5 hxg5 9. Bxg5 Nbd7 10. Qd2 b5 11. a3 Qc7 12. O-O-O Bb7 13. f3 Ne5 14. h4 Be7 15. Rg1 Rc8 16. Kb1 g6 17. Be2 Nc4 18. Bxc4 Qxc4 19. Nb3 d5 20. Qf4 Nh5 21. Qe5 f6 22. Bxf6 Nxf6 23. Rxg6 Kf7 24. Rdg1 Rcg8 25. R6g5 dxe4 26. fxe4 Bxe4 27. Nd2 Qc5 28. Qf4 Bf5 29. Nf3 Bd6 30. Qd2 Bb8 31. Re1 Ke7 32. Nd4 Rxg5 33. hxg5 Ng4 34. b4 Bxc2+ 35.
Kxc2 Qc4 36. Nf5+ Kf8 37. Qd8+ Kf7 38. Qxh8 exf5 39. Qh7+ Kf8 40. Qe7+ Kg8 41. Qe8+ Kg7 42. Re7+ 1-0

[Event "*** Titled Tuesday Blitz"]
[Site "Chess.com"]
[Date "2020.12.01"]
[Round "4"]
[White "Man-Chuk"]
[Black "Ginger_GM"]
[Result "1-0"]
[WhiteElo "2869"]
[BlackElo "2618"]
[TimeControl "180+1"]
[EndTime "10:38:56 PST"]
[Termination "Man-Chuk won by resignation"]

1. c4 f5 2. Nc3 Nf6 3. g3 d6 4. d4 e6 5. Bg2 Be7 6. Nf3 O-O 7. O-O Ne4 8. Qb3 Nxc3 9. Qxc3 a5 10. b3 Nc6 11.
Bb2 Bf6 12. Rad1 Qe7 13. Qc1 e5 14. dxe5 dxe5 15. e4 fxe4 16. Nd2 e3 17. fxe3 Bg4 18. Bf3 Bh3 19. Rf2 Nb4 20. Qb1 Bg5 21. Re1 Rad8 22. Ba3 Rxd2 23. Rxd2 Rxf3 24. Qe4 Qf7 25. Rdd1 Bxe3+ 26.
Kh1 Bd4 27. Bb2 Rf2 28. Bxd4 Bg2+ 29. Qxg2 Rxg2 30. Bc5 Qf3 31. Rd8+ Kf7 32. Rf8+ Ke6 33. Rxf3 Rxa2 34. Bxb4 axb4 35. Rfe3 Ra5 36. Kg2 c6 37. Kf3 Kf5 38. g4+ Ke6 39. h4 g6 40. h5 gxh5 41. gxh5 Kf5 42. Re4 Rc5 43. Ra1 b5 44. Ra5 h6 45.
Re1 Kg5 46. Ke4 Kxh5 47. Kf5 Kh4 48. Re4+ Kg3 49. Ke6 Kf3 50. Rxe5 Rxe5+ 51. Kxe5 bxc4 52. bxc4 Ke3 53. c5 Kd3 54. Kd6 b3 55. Kxc6 h5 56. Kd5 h4 57. Ra1 b2 58. Rh1 h3 59. c6 h2 60. c7 1-0

[Event "*** Titled Tuesday Blitz"]
[Site "Chess.com"]
[Date "2020.12.01"]
[Round "4"]
[White "SlovenskiZmaj"]
[Black "paulrusan"]
[Result "1/2-1/2"]
[WhiteElo "2452"]
[BlackElo "2253"]
[TimeControl "180+1"]
[EndTime "10:38:56 PST"]
[Termination "Game drawn by repetition"]

1. d4 Nf6 2. Bg5 Ne4 3. Bf4 c5 4. f3 Qa5+ 5. c3 Nf6 6. d5 Qb6 7. Bc1 g6 8. e4 d6 9. Nd2 Bg7 10. Nc4 Qc7 11. a4 O-O 12. Ne2 Nbd7 13. h4 b6 14. Bf4 Ba6 15. Ng3 h5 16. Be2 Bxc4 17. Bxc4 Ne5 18. Bxe5 dxe5 19. Qe2 Bh6 20. Nf1 Ne8 21. Bb5 Nd6 22. Bc6 Rab8 23. b4 cxb4 24.
cxb4 a5 25. b5 Nb7 26. g4 hxg4 27. fxg4 Bf4 28. g5 Kg7 29. h5 gxh5 30. Rxh5 Nc5 31. Nd2 Rh8 32. Nc4 Rxh5 33. Qxh5 Rh8 34. Qf3 Nb3 35. Qxb3 Rh1+ 36. Kf2 Rxa1 37. Qh3 Bxg5 38. Qg4 f6 39. Ne3 e6 40. dxe6 Qd8 41. Nf5+ Kg6 42. Bd7 Ra2+ 43. Ke1 Qh8 44. Ne7+ Kg7 45. Nf5+ Kg6 46.
Ne7+ Kg7 47. Nf5+ Kg6 1/2-1/2

[Event "*** Titled Tuesday Blitz"]
[Site "Chess.com"]
[Date "2020.12.01"]
[Round "4"]
[White "Mr_Sinigami"]
[Black "Durarbayli"]
[Result "1/2-1/2"]
[WhiteElo "2564"]
[BlackElo "2751"]
[TimeControl "180+1"]
[EndTime "10:38:57 PST"]
[Termination "Game drawn by repetition"]

1. d4 Nf6 2. Nf3 e6 3. Bf4 b6 4. e3 Bb7 5. a4 c5 6. c3 Be7 7. h3 O-O 8. Be2 cxd4 9. exd4 d6 10. O-O a6 11. Na3 Qc7 12. Re1 Nbd7 13. Nd2 Rfe8 14. Bf3 Rad8 15. Bg3 h6 16. Nac4 Bxf3 17.
Qxf3 Nf8 18. Ne3 Ng6 19. Rec1 Bf8 20. c4 Qd7 21. b4 e5 22. d5 a5 23. bxa5 bxa5 24.
Rcb1 Qc7 25. Rb5 Ra8 26. Rab1 Reb8 27. Nf5 Nd7 28. Ne4 Rxb5 29. cxb5 Nb6 30. h4 Nxd5 31. Nexd6 Nb6 32. Ne4 Qc2 33. Re1 Rd8 34. h5 Nf4 35. Bxf4 exf4 36. Qxf4 Rd1 37. Nxh6+ Kh7 38. Ng5+ Kxh6 39. Nxf7+ Kh7 40. Ng5+ Kh6 41. Ne6+ Kh7 42.
Ng5+ Kh6 43. Nf7+ Kh7 44. Ng5+ 1/2-1/2

[Event "*** Titled Tuesday Blitz"]
[Site "Chess.com"]
[Date "2020.12.01"]
[Round "4"]
[White "aleksey1203borisovi4"]
[Black "Eloist"]
[Result "1-0"]
[WhiteElo "2474"]
[BlackElo "2300"]
[TimeControl "180+1"]
[EndTime "10:39:00 PST"]
[Termination "aleksey1203borisovi4 won on time"]

1. g3 e5 2. Bg2 Nf6 3. d3 d5 4. Nc3 c6 5. e4 Bb4 6. Bd2 O-O 7. Nge2 d4 8. Nb1 Bxd2+ 9. Nxd2 Ne8 10. O-O c5 11. f4 Nc6 12. a3 Nd6 13. b4 Bg4 14. bxc5 Nb5 15. Bf3 Bh3 16. Rf2 Qe7 17. Nb3 Be6 18. Kg2 f6 19. Qc1 Rac8 20. f5 Bf7 21. Rb1 Nc3 22. Nxc3 dxc3 23. Qe1 Nd4 24. Qxc3 b6 25.
Nxd4 Rxc5 26. Qb4 exd4 27. Qxd4 Rd8 28. Qb4 Qc7 29. Rb2 Rc3 30. a4 Rc8 31. Bd1 h6 32. Kg1 Qe5 33. Kg2 R8c5 34. Rf4 Ra5 35. Rb1 Qc5 36.
Qxc5 Rcxc5 37. c4 Be8 38. Ra1 b5 39. cxb5 Rcxb5 40. axb5 Rxa1 41. Bb3+ Kf8 42. Bc4 1-0